 Dungeon Sprint DCSS version 0.28.0-53-g5a82cb258f (webtiles) character file.

Game seed: 6251485829691550839

191 Groucho the Nimble (level 5, -4/28 HPs)
             Began as a Felid Transmuter on June 6, 2022.
             Was a Follower of Uskayaw.
             Slain by a fire crab (7 damage)
             ... in the Dungeon (Sprint VII: "The Pits").
             The game lasted 00:04:22 (2197 turns).

Groucho the Nimble (Felid Transmuter)               Turns: 2197, Time: 00:04:23

Health: -4/28      AC:  2    Str:  8    XL:     5   Next: 42%
Magic:  12/13      EV: 23    Int: 15    God:    Uskayaw [*.....]
Gold:   0          SH:  0    Dex: 16    Spells: 4/14 levels left
                                        Lives:  0   Deaths: 2

rFire   . . .      SeeInvis +     - Unarmed
rCold   . . .      Faith    .   (shield unavailable)
rNeg    . . .      Spirit   .   (armour unavailable)
rPois   .          Reflect  .   (helmet unavailable)
rElec   .          Harm     .   (cloak unavailable)
rCorr   .          Rampage  .   (gloves unavailable)
Will    .....      NoTele   +   (boots unavailable)
Stlth   ++++......              (no amulet)
HPRegen 0.09/turn               (no ring)
MPRegen 0.13/turn               (no ring)

@: appendages, quick
A: horns 2, very small, claws 1, fangs 3, see invisible, speed 1, shaggy fur 2,
stealthy paws, no weapons or thrown items, no armour, multi-lived
a: End Transformation, Renounce Religion, Stomp


You were in the Dungeon.
You worshipped Uskayaw.
Uskayaw was noncommittal.
You had temporarily grown beastly horns.
You visited 1 branch

Inventory:

Scrolls
 f - a scroll of blinking
 h - 5 scrolls of amnesia
 i - a scroll of summoning
Potions
 a - 4 potions of curing
 b - 2 potions of heal wounds
 c - a potion of haste
 d - 4 potions of magic
 e - 3 potions of berserk rage
 g - a potion of invisibility


   Skills:
 * Level 7.4 Fighting
 * Level 9.9 Dodging
 + Level 7.2 Stealth
 * Level 8.0 Unarmed Combat
 + Level 5.0 Spellcasting
 + Level 6.0 Transmutations
 + Level 4.9 Invocations


You had 4 spell levels left.
You knew the following spells:

 Your Spells              Type           Power      Damage    Failure   Level
a - Beastly Appendage     Tmut           42%        N/A       1%          1
b - Wereblood             Tmut           21%        N/A       1%          2
c - Spider Form           Tmut/Pois      12%        N/A       14%         3
d - Ice Form              Ice/Tmut       12%        N/A       43%         4

Your spell library contained the following spells:

 Spells                   Type           Power      Damage    Failure   Level


Dungeon Overview and Level Annotations

Branches:
Dungeon (1/1)

Altars:
Ashenzari
Cheibriados
Dithmenos
Elyvilon
Fedhas
Gozag
Hepliaklqana
Kikubaaqudgha
Makhleb
Nemelex Xobeh
Okawaru
Qazlal
Ru
Sif Muna
Trog
Uskayaw
Vehumet
Wu Jian
Xom
Yredelemnul
Zin
The Shining One
Beogh
Jiyva
Lugonu


Innate Abilities, Weirdness & Mutations

You have temporarily grown beastly horns.
You have sharp claws.
You have razor-sharp teeth.
You have supernaturally acute eyesight. (SInv)
You cover ground quickly. (Speed+)
You are covered in thick fur. (AC +2)
Your paws help you pounce on unaware monsters.
You are incapable of wielding weapons or throwing items.
You cannot wear armour.
You gain extra lives every three experience levels.


Message History

There is an open door here.
You see here a +0 spear.
Your horns disappear.
There is an open door, spattered with blood here.
Things that are here:
a +3 spear of venom; a +0 flail
There is an open door here.
You scratch the fire crab.
The fire crab is lightly wounded.
The fire crab breathes flames at you. The blast of flame engulfs you!
Unknown command.
You scratch the fire crab but do no damage.
You bite the fire crab, but do no damage.
The fire crab is lightly wounded.
You are engulfed in blazing flames.
The fire crab completely misses you. The fire crab misses you.
You feel much better.
You are engulfed in blazing flames.
Ouch! That really hurt!
You die...
The fire crab breathes flames at you. The blast of flame misses you.
You are now level 5!
You rejoin the land of the living...
Unknown command.
Unknown command.
Unknown command.
Casting: Beastly Appendage (safe; 1% risk of failure)
Confirm with . or Enter, or press ? or * to list all spells.
You grow a pair of large bovine horns.
The fire crab breathes flames at you. The blast of flame engulfs you.
Unknown command.
You are engulfed in blazing flames.
Things that are here:
a +0 flail; the felid corpse of Groucho You are engulfed in blazing flames.
* * * LOW HITPOINT WARNING * * *
The fire crab bites you!
You die...

#.#...)†...##.......#
#.#........##.......#
#)#####'#####...<...#
#)#..[)))..##.......#
#)#..[)))..##.......#
#'###########.......#
#.......#°°##########
#...#...#○######
#...#...#@#.°..#
#.##.##.#t#°°..#
#...#.).#.'°...+
#...#..)#†#....#
#......°).#....#
################


You could see a fire crab.

Vanquished Creatures
  A flying skull (D)
  A water moccasin (D)
  2 floating eyes (D)
  A gnoll sergeant (D)
  A gnoll shaman (D)
  2 orc wizards (D)
  5 gnolls (D)
  3 adders (D)
  A river rat (D)
  A white imp (D)
  4 orcs (D)
  A bat skeleton (D)
  2 endoplasms (D)
  4 jackals (D)
  2 bats (D)
  A giant cockroach zombie (D)
  A quokka skeleton (D)
  A rat (D)
34 creatures vanquished.

Vanquished Creatures (others)
  A gnoll (D)
1 creature vanquished.

Grand Total: 35 creatures vanquished

Notes
Turn   | Place    | Note
-------+----------+-------------------------------------------
     0 | D        | Groucho the Felid Transmuter began the quest for the Orb.
     0 | D        | Reached XP level 1. HP: 9/9 MP: 4/4
    34 | D        | Found a bloodstained altar of Trog.
    34 | D        | Found a shimmering blue altar of Sif Muna.
    34 | D        | Found a viscous altar of Jiyva.
    34 | D        | Found a hazy altar of Hepliaklqana.
    34 | D        | Found an opulent altar of Gozag.
    35 | D        | Found a glowing golden altar of the Shining One.
    35 | D        | Found a glowing silver altar of Zin.
    35 | D        | Found a basalt altar of Yredelemnul.
    35 | D        | Found a shimmering altar of Xom.
    35 | D        | Found an ornate altar of the Wu Jian Council.
    35 | D        | Found a sacrificial altar of Ru.
    35 | D        | Found a stormy altar of Qazlal.
    35 | D        | Found an iron altar of Okawaru.
    35 | D        | Found a sparkling altar of Nemelex Xobeh.
    35 | D        | Found a burning altar of Makhleb.
    35 | D        | Found a blossoming altar of Fedhas.
    35 | D        | Found a white marble altar of Elyvilon.
    35 | D        | Found a shadowy altar of Dithmenos.
    35 | D        | Found a snail-covered altar of Cheibriados.
    37 | D        | Found a radiant altar of Vehumet.
    37 | D        | Found a corrupted altar of Lugonu.
    38 | D        | Found a hide-covered altar of Uskayaw.
    38 | D        | Found an ancient bone altar of Kikubaaqudgha.
    38 | D        | Found a broken altar of Ashenzari.
    46 | D        | Became a worshipper of Uskayaw the Reveller
    67 | D        | Reached skill level 3 in Dodging
    67 | D        | Reached skill level 1 in Stealth
    67 | D        | Reached * piety under Uskayaw
    77 | D        | Reached ** piety under Uskayaw
   464 | D        | Noticed a floating eye
   465 | D        | Noticed a floating eye
   466 | D        | Killed a floating eye
   467 | D        | Reached skill level 5 in Dodging
   467 | D        | Reached skill level 5 in Unarmed Combat
   467 | D        | Reached XP level 2. HP: 15/15 MP: 4/7
   467 | D        | Reached XP level 3. HP: 18/18 MP: 4/8
   467 | D        | Reached XP level 4. HP: 22/22 MP: 4/9
   468 | D        | Killed a floating eye
   468 | D        | Reached *** piety under Uskayaw
   469 | D        | Reached skill level 5 in Fighting
   469 | D        | Reached skill level 7 in Dodging
   469 | D        | Reached XP level 5. HP: 26/26 MP: 4/11
   826 | D        | Reached skill level 5 in Stealth
  1000 | D        | Learned a level 2 spell: Wereblood
  1004 | D        | Learned a level 3 spell: Spider Form
  1009 | D        | Learned a level 4 spell: Ice Form
  1012 | D        | Noticed a flying skull
  1046 | D        | Killed a flying skull
  1047 | D        | Reached skill level 8 in Dodging
  1047 | D        | Reached skill level 5 in Transmutations
  1047 | D        | Gained mutation: You are covered in thick fur. (AC +2)
                  | [Felid growth]
  1047 | D        | Reached XP level 6. HP: 23/31 MP: 5/13
  1247 | D        | Reached **** piety under Uskayaw
  1527 | D        | Reached skill level 9 in Dodging
  1531 | D        | Noticed a water moccasin
  1540 | D        | Killed a water moccasin
  1541 | D        | Reached XP level 7. HP: 35/36 MP: 13/15
  2036 | D        | Noticed a fire crab
  2141 | D        | Reached skill level 5 in Spellcasting
  2148 | D        | Mangled by a fire crab
  2149 | D        | Reached XP level 6. HP: -9/33 MP: 14/14
  2193 | D        | Engulfed by a fire crab's flame
  2194 | D        | Reached XP level 5. HP: 1/28 MP: 13/13
  2197 | D        | Slain by a fire crab

Illustrated notes

Levels and vault maps discovered:
D:        pitsprint [storerooms_1, entrance_room_1, metal_vault_1, armoury_2,
          mini_pit_1, grid_room_1, main_hall_1, silver_pit, the_coven_1,
          the_vestibule_1, steel_vault_1, golden_pit, hallway_of_sentries,
          crystal_vault_3, iron_vault_1, final_vault]

Skill      XL: |  1  2  3  4  5  6  7 |
---------------+----------------------+-----
Dodging        | 5 7 8 9 |  9.9
Stealth        | 3 4 6 7 |  7.2
Fighting       | 4 5 6 7 |  7.4
Unarmed Combat | 5 7 8 |  8.0
Spellcasting   | 3 4 5 |  5.0
Transmutations | 3 4 5 6 |  6.0
Invocations    | 2 3 4 |  4.9

Action                   |  1- 3 |  4- 6 |  7- 9 || total
-------------------------+-------+-------+-------++-------
Melee: Unarmed           |    15 |    53 |    14 ||    82
       Bite              |     1 |     2 |     2 ||     5
       Headbutt          |       |     6 |     2 ||     8
       Punch             |       |     5 |       ||     5
 Cast: Beastly Appendage |     3 |     6 |     1 ||    10
       Wereblood         |       |     2 |       ||     2
       Spider Form       |       |     1 |       ||     1
Invok: Line Pass         |       |     1 |       ||     1
  Use: Potion            |       |     3 |     4 ||     7
 Stab: Sleeping          |     2 |     7 |     1 ||    10
       Paralysed         |       |     2 |     1 ||     3
       Invisible         |       |       |     3 ||     3
Armor: Skin              |     2 |       |       ||     2
Dodge: Dodged            |    12 |    42 |    10 ||    64
